 Dungeon Crawl Stone Soup version 0.28-a0-980-g3664467d6e (webtiles) character file.

Game seed: 3473549203924556673

22273 Jannitor the Arsonist (level 12, -6/138 HPs)
             Began as a Demonspawn Cinder Acolyte on Nov 19, 2021.
             Was an Initiate of Kikubaaqudgha.
             Mangled by a fire elemental (12 damage)
             ... created by the fiery vengeance of Ignis
             ... on level 3 of the Lair of Beasts on Dec 2, 2021.
             The game lasted 00:48:03 (22589 turns).

Jannitor the Arsonist (Demonspawn Cinder Acolyte)  Turns: 22589, Time: 00:48:04

Health: -6/138     AC: 26    Str: 15    XL:     12   Next: 61%
Magic:  11/25      EV:  2    Int: 20    God:    Kikubaaqudgha [......]
Gold:   958        SH:  0    Dex: 12    Spells: 21/29 levels left

rFire   . . .      SeeInvis +   y - +1 lajatang (freeze)
rCold   x . .      Faith    .   (shield currently unavailable)
rNeg    . . .      Spirit   .   (armour currently unavailable)
rPois   +          Reflect  .   (helmet currently unavailable)
rElec   .          Harm     .   (cloak currently unavailable)
rCorr   .          Rampage  .   (gloves currently unavailable)
Will    .....      NoTele   +   (boots currently unavailable)
Stlth   ++........              C - amulet of the acrobat
HPRegen 0.33/turn               c - ring of see invisible
MPRegen 0.19/turn               k - ring of fire

@: tree-form, fire susceptible
A: stationary, stasis, torment immunity, boosted hp, (horns 1), ignite blood 2,
powered by death 1, big brain 2
a: Renounce Religion


You were on level 3 of the Lair of Beasts.
You worshipped Kikubaaqudgha.
Kikubaaqudgha was noncommittal.
You were a tree.
You visited 3 branches of the dungeon, and saw 16 of its levels.
You also visited: Sewer and Bailey.

You collected 958 gold pieces.

Inventory:

Hand Weapons
 o - a +0 demon trident of pain
 y - a +1 lajatang of freezing (weapon)
Missiles
 p - 4 throwing nets (quivered)
Armour
 a - a +4 ring mail of cold resistance (melded)
 b - a +0 robe
 g - a +0 troll leather armour {Pargi}
 h - a +0 helmet
 t - a +2 cloak (melded)
 w - a +2 pair of gloves (melded)
 M - the +7 tower shield of Leapfrog {Rampage}
   (You found it on level 2 of the Lair of Beasts)

   Rampage:   It bestows one free step when moving towards enemies.
Jewellery
 c - a ring of see invisible (left branch)
 j - a ring of resist corrosion
 k - a ring of fire (right branch)
 v - a ring of positive energy
 C - an amulet of the acrobat (around neck)
 D - an amulet of guardian spirit
 F - a ring of ice
Wands
 H - a wand of paralysis (2)
 L - a wand of flame (11)
Scrolls
 d - 2 scrolls of fog
 e - a scroll of amnesia
 f - 2 scrolls of enchant armour
 m - a scroll of brand weapon
 q - 3 scrolls of silence
 r - 3 scrolls of identify
 u - 2 scrolls of torment
 J - a scroll of blinking
 K - 2 scrolls of fear
Potions
 i - 2 potions of attraction
 l - a potion of cancellation
 s - a potion of lignification
 x - 3 potions of magic
 z - 2 potions of brilliance
 A - 5 potions of curing
 G - 2 potions of mutation


   Skills:
 + Level 8.0 Fighting
 - Level 4.5 Short Blades
 - Level 3.2(6.0) Axes
 * Level 7.9(8.7) Polearms
 - Level 4.3(6.7) Staves
 + Level 5.5 Armour
 + Level 1.2 Dodging
 - Level 3.7 Stealth
 + Level 9.0 Spellcasting
 + Level 6.1 Necromancy
 + Level 9.4 Fire Magic


You had 21 spell levels left.
You knew the following spells:

 Your Spells              Type           Power      Damage    Failure   Level
a - Scorch                Fire           100%       2d10      1%          2
b - Apportation           Tloc           18%        N/A       8%          1
c - Borgnjor's Vile Clut  Necr/Erth      10%        N/A       52%         5

Your spell library contained the following spells:

 Spells                   Type           Power      Damage    Failure   Level
 Slow                     Hex            36%        N/A       8%          1
 Confusing Touch          Hex            9%         N/A       22%         3
 Fireball                 Conj/Fire      20%        3d10      30%         5
 Starburst                Conj/Fire      20%        6d7       86%         6
 Alistair's Intoxication  Tmut/Pois      6%         N/A       91%         5
 Yara's Violent Unravell  Hex/Tmut       4%         3d4       91%         5
 Eringya's Noxious Bog    Tmut/Pois      4%         N/A       100%        6
 Ignition                 Fire           31%        3d10      100%        8


Dungeon Overview and Level Annotations

Branches:
Dungeon (11/15)            Temple (1/1) D:7            Lair (4/6) D:11
    Orc (0/2) D:9           Sewer (visited)          Bailey (visited)
  Swamp: Lair:2-4    Shoals: Lair:2-4     Snake: Lair:2-4    Spider: Lair:2-4

Altars:
Ashenzari
Cheibriados
Dithmenos
Elyvilon
Fedhas
Gozag
Hepliaklqana
Kikubaaqudgha
Makhleb
Nemelex Xobeh
Okawaru
Qazlal
Ru
Sif Muna
Trog
Uskayaw
Vehumet
Wu Jian
Xom
Yredelemnul
Zin
The Shining One
Lugonu

Shops:
D:6 *

Portals:
Abyss: D:7

Annotations:
D:5 1 runed translucent door, HessuHobo's ghost, amateur HuFi
D:8 2 transporters, BinkBink's ghost, novice DgFi
D:9 2 transporters
D:10 exclusion: downstairs


Innate Abilities, Weirdness & Mutations

You are a tree.
Your roots penetrate the ground, keeping you stationary.
You cannot be teleported.
You are immune to unholy pain and torment.
Your maximum health is greatly increased.
Your equipment is partially melded.
((You have a pair of small horns on your head.))
Your demonic aura often causes spilled blood to erupt in flames.
You regenerate a little health from kills.
You have an extremely huge brain. (Int +4)


Message History

* * * LOW HITPOINT WARNING * * *
The fire elemental hits you. The fire elemental burns you!
* * * LOW HITPOINT WARNING * * *
The fire elemental hits you. The fire elemental burns you!
* * * LOW HITPOINT WARNING * * *
The fire elemental hits you. The fire elemental burns you!
* * * LOW HITPOINT WARNING * * *
The fire elemental hits you. The fire elemental burns you!
* * * LOW HITPOINT WARNING * * *
Unknown command.
You feel much better. The fire elemental hits you.
The fire elemental burns you!
* * * LOW HITPOINT WARNING * * *
The fire elemental hits you. The fire elemental burns you!
* * * LOW HITPOINT WARNING * * *
The fire elemental hits you. The fire elemental burns you!
* * * LOW HITPOINT WARNING * * *
The fire elemental barely misses you.
Unknown command.
Okay, then.
Unknown command.
Okay, then.
Unknown command.
Unknown command.
Your +1 lajatang of freezing glows with a cold blue light!
y - a +1 lajatang of freezing (weapon)
The fire elemental hits you. The fire elemental burns you!
* * * LOW HITPOINT WARNING * * *
Unknown command.
You slash the fire elemental! You freeze the fire elemental!
You destroy the fire elemental!
That felt strangely unrewarding.
The fire elemental hits you.
* * * LOW HITPOINT WARNING * * *
The fire elemental burns you!
* * * LOW HITPOINT WARNING * * *
The fire elemental hits you. The fire elemental burns you!
* * * LOW HITPOINT WARNING * * *
The fire elemental hits you. The fire elemental burns you!
You die...
Kikubaaqudgha rasps: "You have failed me!
Welcome... death!"

##....(....### #..........##
#..........P# ##...<........
#..........## #.............
#..#.##.....####.............
#.#####...#........Y.Y...#...
#.#P###........###.YY...###..
#....).........###...........
#..........#E..#.............
##.........#E♣###..)..........
##..........###.#..............
#..............#†.#............
#......................#..##...
##....P.##.#........P..#..P..#.
##.#..#....#..................
#........###.P......#......P.
###........#####...#...........
#.#.........# ###...##........


You could see 2 fire elementals.

Vanquished Creatures
  Snorg (D:10)
  Harold (D:8)
  2 hydras (D:11)
  Erica (D:8)
  3 two-headed ogres
  A lindwurm (Lair:3)
  An orc knight (Bailey)
  A manticore (D:11)
  A cyclops (D:11)
  Maurice (D:11)
  Joseph (D:9)
  4 black mambas
  4 cane toads
  2 kobold demonologists (D:11)
  A polar bear (Lair:3)
  2 hornets
  A shadow (D:10)
  A wraith (D:11)
  35 yaks
  A human (D:10)
  2 wyverns
  13 fire elementals
  4 water moccasins
  6 orc warriors
  An ice beast (D:7)
  Duvessa (D:4)
  Pargi (Sewer)
  A sky beast (D:7)
  2 ogres
  3 necrophages
  8 wolves
  4 black bears
  A centaur (D:9)
  4 bullfrogs
  2 kobold brigands (D:11)
  Blork the orc (D:4)
  A water moccasin zombie (D:4)
  A gnoll sergeant (D:5)
  A water moccasin skeleton (D:5)
  Dowan (D:4)
  11 wights
  6 electric eels
  A howler monkey (D:10)
  2 centaur zombies
  A bullfrog zombie (D:5)
  2 hounds
  2 gnoll shamans
  8 orc priests
  3 iguanas
  A jelly (D:7)
  A centaur skeleton (D:7)
  A human skeleton (D:10)
  Natasha (thrice) (D:4)
  11 orc wizards
  2 killer bee zombies
  A hound zombie (D:3)
  Robin (D:4)
  2 howler monkey zombies
  16 gnolls
  13 adders
  A howler monkey skeleton (D:4)
  A white imp (D:5)
  5 worms
  4 dart slugs
  43 orcs
  10 ball pythons
  7 bats
  11 endoplasms
  6 giant cockroaches
  19 goblins
  10 hobgoblins
  4 jackals (D:1)
  3 quokkas
  5 frilled lizards
  A jackal skeleton (D:10)
  6 kobolds
  A kobold skeleton (D:10)
  3 rats
  2 butterflies (Lair:3)
  A lurking horror (D:7)
354 creatures vanquished.

Vanquished Creatures (others)
  54 foxfires
  16 fungi
  20 plants
  2 withered plants (D:5)
92 creatures vanquished.

Grand Total: 446 creatures vanquished

Notes
Turn   | Place    | Note
-------+----------+-------------------------------------------
     0 | D:1      | Jannitor the Demonspawn Cinder Acolyte began the quest for
                  | the Orb.
     0 | D:1      | Reached XP level 1. HP: 18/18 MP: 2/2
   226 | D:1      | Found a faded altar of an unknown god.
   241 | D:1      | Gained mutation: Your demonic aura sometimes causes spilled
                  | blood to erupt in flames. [demonic ancestry]
   241 | D:1      | Reached XP level 2. HP: 24/24 MP: 3/3
  1034 | D:1      | Reached skill level 1 in Stealth
  1104 | D:1      | Gained mutation: You have an unusually large brain. (Int
                  | +2) [demonic ancestry]
  1104 | D:1      | Reached XP level 3. HP: 24/29 MP: 5/5
  1112 | D:1      | Learned a level 2 spell: Scorch
  1538 | D:2      | Upgraded the game from 0.28-a0-863-g8cecda6153 to
                  | 0.28-a0-925-gd5e1996cdb
  2140 | D:2      | Reached XP level 4. HP: 35/35 MP: 6/6
  2701 | D:2      | Upgraded the game from 0.28-a0-925-gd5e1996cdb to
                  | 0.28-a0-980-g3664467d6e
  2988 | D:3      | Gained mutation: You have an extremely huge brain. (Int +4)
                  | [demonic ancestry]
  2988 | D:3      | Reached XP level 5. HP: 22/42 MP: 8/8
  4244 | D:4      | Noticed Robin
  4415 | D:4      | Noticed Natasha
  4421 | D:4      | Killed Natasha
  4522 | D:4      | Found a shadowy altar of Dithmenos.
  4576 | D:4      | Reached XP level 6. HP: 15/48 MP: 0/9
  4679 | D:4      | Noticed Duvessa
  4679 | D:4      | Noticed Dowan
  4696 | D:4      | Killed Dowan
  4835 | D:4      | Killed Duvessa
  4977 | D:4      | Found a glowing drain.
  4988 | D:4      | Noticed Natasha
  4995 | D:4      | Killed Natasha
  5003 | Sewer    | Entered a sewer
  5159 | Sewer    | Noticed Pargi
  5163 | Sewer    | Killed Pargi
  5164 | Sewer    | Reached XP level 7. HP: 47/55 MP: 4/11
  5573 | D:4      | Noticed Blork the orc
  5578 | D:4      | Found a bloodstained altar of Trog.
  5584 | D:4      | Killed Blork the orc
  5825 | D:4      | Noticed Natasha
  5832 | D:4      | Killed Natasha
  6292 | D:5      | Entered Level 5 of the Dungeon
  6292 | D:5      | Noticed HessuHobo's ghost (amateur HuFi)
  6292 | D:5      | Found a runed translucent door.
  6391 | D:4      | Killed Robin
  6681 | D:4      | Reached skill level 5 in Fighting
  6837 | D:5      | Found an iron altar of Okawaru.
  6981 | D:5      | Gained mutation: You have a pair of small horns on your
                  | head. [demonic ancestry]
  6981 | D:5      | Reached XP level 8. HP: 46/62 MP: 4/13
  7113 | D:5      | Found a shimmering blue altar of Sif Muna.
  7236 | D:5      | Reached skill level 1 in Axes
  7395 | D:5      | Reached skill level 5 in Fire Magic
  7657 | D:5      | Found a radiant altar of Vehumet.
  8209 | D:6      | Reached skill level 5 in Spellcasting
  8290 | D:6      | Found a sacrificial altar of Ru.
  8800 | D:6      | Reached skill level 1 in Staves
  8800 | D:6      | Reached XP level 9. HP: 68/68 MP: 5/17
  8941 | D:6      | Found Voinobb's Serpentskin Sales.
  9275 | D:7      | Found a staircase to the Ecumenical Temple.
  9360 | D:7      | Found a one-way gate to the infinite horrors of the Abyss.
  9397 | D:7      | Found a corrupted altar of Lugonu.
  9826 | D:7      | You fall into a shaft and drop 3 floors!
  9826 | D:10     | Entered Level 10 of the Dungeon
 10072 | D:9      | Noticed a two-headed ogre
 10123 | D:9      | Killed a two-headed ogre
 10281 | D:9      | Found a transporter.
 10283 | D:9      | Found a transporter.
 10317 | D:9      | Noticed Joseph
 10330 | D:9      | Killed Joseph
 10331 | D:9      | Reached skill level 1 in Polearms
 10331 | D:9      | Gained mutation: You regenerate a little health from kills.
                  | [demonic ancestry]
 10331 | D:9      | Reached XP level 10. HP: 44/74 MP: 6/20
 10354 | D:9      | Found a flagged portal.
 10379 | D:9      | Reached skill level 1 in Armour
 10426 | Bailey   | Entered a bailey
 10426 | Bailey   | Noticed an orc knight
 10442 | Bailey   | Killed an orc knight
 10442 | Bailey   | Noticed an orc knight
 10448 | Bailey   | Learned a level 1 spell: Apportation
 10814 | D:8      | Found a transporter.
 10817 | D:8      | Noticed a boulder beetle
 10820 | D:8      | Noticed BinkBink's ghost (novice DgFi)
 10835 | D:8      | Noticed Erica
 10881 | D:8      | Learned a level 5 spell: Borgnjor's Vile Clutch
 10904 | D:8      | Noticed Harold
 11718 | D:8      | Reached skill level 1 in Necromancy
 12101 | D:8      | Found a burning altar of Makhleb.
 12372 | D:8      | Found a transporter.
 12465 | D:8      | Killed Erica
 12502 | D:8      | Killed Harold
 12714 | D:8      | Found a hazy altar of Hepliaklqana.
 13507 | D:9      | Reached XP level 11. HP: 80/80 MP: 8/22
 13791 | D:9      | Noticed a purple ugly thing
 13792 | D:9      | Noticed a cyan ugly thing
 13794 | D:9      | Found a corrupted altar of Lugonu.
 14128 | D:9      | Found a staircase to the Orcish Mines.
 14304 | D:10     | Noticed Snorg
 14404 | D:10     | Found a hide-covered altar of Uskayaw.
 14405 | D:10     | Found an opulent altar of Gozag.
 14753 | D:11     | Noticed Maurice
 14773 | D:10     | Noticed a two-headed ogre
 14781 | D:10     | Killed a two-headed ogre
 14846 | D:11     | Paralysed by Maurice for 3 turns
 14975 | D:10     | Found a runed translucent door.
 14977 | D:10     | Found a basalt altar of Yredelemnul.
 15060 | D:10     | Found an ornate altar of the Wu Jian Council.
 15137 | D:10     | Identified the +8 flail of Vanity {freeze, Fly Str+5 Int+6}
 15216 | D:10     | Killed Snorg
 15217 | D:10     | Reached skill level 5 in Polearms
 15352 | D:11     | Noticed a two-headed ogre
 15382 | D:10     | Killed a two-headed ogre
 15930 | D:11     | Noticed a six-headed hydra
 15941 | D:11     | Killed a six-headed hydra
 16162 | D:11     | Found a staircase to the Lair.
 16668 | D:11     | Noticed a four-headed hydra
 16680 | D:11     | Killed a four-headed hydra
 16942 | D:11     | Killed Maurice
 17112 | D:11     | Reached skill level 5 in Necromancy
 17453 | Temple   | Entered the Ecumenical Temple
 17509 | Temple   | Fell from the grace of Ignis
 17509 | Temple   | Became a worshipper of Kikubaaqudgha
 17805 | Lair:1   | Entered Level 1 of the Lair of Beasts
 17910 | Lair:1   | Found a burning altar of Makhleb.
 17935 | Lair:1   | Gained mutation: Your demonic aura often causes spilled
                  | blood to erupt in flames. [demonic ancestry]
 17935 | Lair:1   | Reached XP level 12. HP: 79/91 MP: 24/24
 19541 | Lair:2   | Reached skill level 5 in Armour
 19931 | Lair:2   | Identified the +7 tower shield of Leapfrog {Rampage}
 22356 | Lair:2   | Reached skill level 1 in Dodging
 22589 | Lair:3   | HP: 6/138 [fire elemental[the fiery vengeance of Ignis]
                  | (4)]
 22589 | Lair:3   | Mangled by a fire elemental

Illustrated notes

Levels and vault maps discovered:
D:1:      wander_arrival_desolate, layout_loops_ring,
          chequers_ecumenical_altar_simple_redux, minmay_tiny_reverse_x
D:2:      layout_basic
D:3:      layout_rooms, minmay_fractal_squares_gapless_5
D:4:      layout_gridville, nicolae_dithmenos_the_darkroom,
          mainiacjoe_overflow_chevrons, lemuel_round_altar,
          gup_sewer_entry_glass, uniq_duvessa, uniq_blork_the_orc, uniq_robin,
          uniq_natasha
D:5:      layout_rooms, kennysheep_little_box, kennysheep_mini,
          mainiacjoe_overflow_boulevard, gammafunk_ghost_grave
D:6:      layout_cave_pools, nicolae_ru_great_annihilating_truth,
          guppyfry_shop_venom
D:7:      layout_loops_cross, minmay_temple_entry_hall,
          amcnicky_altar_lugonu_corruption
D:8:      layout_loops_ring, mainiacjoe_overflow_tiny_flanked,
          general_overflow_altar, gammafunk_ghost_arena, uniq_erica, uniq_harold
D:9:      gammafunk_corrupted_shrine, layout_basic, erik_orc_2, enter_bailey_5,
          fungi_pond_lemuel, uniq_joseph
D:10:     layout_grid_maze, dk_yredelemnul_ordeal, nzn_wu_jian_contemplation,
          mainiacjoe_overflow_divided_tiny, serial_bayou_ford_a, uniq_snorg
D:11:     layout_irregular_city, lair_entry_dummy, uniq_maurice
Temple:   jpeg_temple_island
Lair:1:   layout_cave_shapes, basic_altar, lemuel_fruit_fields
Lair:2:   layout_long_grid, nicolae_lair_lil_pond
Lair:3:   layout_misc_corridors, lemuel_fruit_fields, lemuel_fruit_tree
Lair:4:   layout_roguey, nicolae_swamp_entry_splash_gauntlet,
          spider_nest_entry_rubble, uniq_kirke

Skill      XL: |  1  2  3  4  5  6  7  8  9 10 11 12 |
---------------+-------------------------------------+-----
Stealth        | 1 2 3 |  3.7
Fire Magic     | 3 4 6 7 8 9 |  9.4
Short Blades   | 3 4 |  4.5
Spellcasting   | 2 3 5 7 8 9 |  9.0
Fighting       | 4 5 6 7 8 |  8.0
Axes           | 3 |  3.2
Staves         | 1 4 |  4.3
Polearms       | 1 4 6 7 |  7.9
Armour         | 3 4 5 |  5.5
Necromancy     | 2 5 6 |  6.1
Dodging        | 1 |  1.2

Action                   |  1- 3 |  4- 6 |  7- 9 | 10-12 || total
-------------------------+-------+-------+-------+-------++-------
Melee: Dagger            |   213 |   155 |    36 |       ||   404
       Short sword       |     3 |       |       |       ||     3
       Broad axe         |       |       |     6 |       ||     6
       Headbutt          |       |       |     5 |    58 ||    63
       Lajatang          |       |       |    17 |     1 ||    18
       Demon trident     |       |       |       |   373 ||   373
 Cast: Scorch            |    11 |    57 |   180 |   255 ||   503
Invok: Fiery Armour      |       |     1 |     1 |     2 ||     4
       Foxfire Swarm     |       |     1 |     1 |     3 ||     5
Evoke: Wand              |       |       |     5 |    30 ||    35
  Use: Potion            |       |     8 |     2 |    10 ||    20
       Scroll            |       |     3 |    14 |    15 ||    32
 Stab: Sleeping          |     1 |     3 |       |     1 ||     5
       Paralysed         |       |       |     6 |     2 ||     8
Armor: Robe              |    33 |    27 |       |       ||    60
       Troll leather arm |       |       |    47 |       ||    47
       Ring mail         |       |       |       |   207 ||   207
       Skin              |       |       |       |    26 ||    26
Dodge: Dodged            |    76 |    81 |    77 |   269 ||   503

Table legend: (Time is in decaauts)
 A = Elapsed time spent in this place.
 B = Non-inter-level travel time spent in this place.
 C = Inter-level travel time spent in this place.
 D = Time resting spent in this place.
 E = Time spent auto-exploring this place.
 F = Levels seen in this place.
 G = Mean time per level.
                   A        B        C        D        E       F      G
               +--------+--------+--------+--------+--------+-----+--------+
         Total |  22553 |  21754 |    799 |   6435 |  11302 |  18 | 1252.9 |
       Dungeon |  17050 |  16344 |    706 |   4456 |   8695 |  11 | 1550.0 |
        Temple |    283 |    260 |     23 |      0 |    248 |   1 |  283.0 |
          Lair |   4778 |   4709 |     69 |   1925 |   2125 |   4 | 1194.5 |
         Sewer |    411 |    411 |      0 |     53 |    233 |   1 |  411.0 |
        Bailey |     29 |     29 |      0 |      0 |      0 |   1 |   29.0 |
               +--------+--------+--------+--------+--------+-----+--------+

Top non-repeatable levels by time:
     D:9: 2263 daAuts
  Lair:2: 2026 daAuts
     D:4: 1944 daAuts
     D:7: 1783 daAuts
    D:11: 1780 daAuts
  Lair:3: 1667 daAuts
     D:2: 1640 daAuts
    D:10: 1521 daAuts
     D:1: 1520 daAuts
     D:6: 1206 daAuts
     D:3: 1182 daAuts
     D:5: 1152 daAuts
  Lair:1: 1072 daAuts
     D:8: 1056 daAuts
   Sewer: 411 daAuts
